 Dungeon Crawl Stone Soup version 0.28.0-43-g3370ac3207 (webtiles) character file.

Game seed: 14016625625533530535

372 hawla the Conjurer (level 6, 0/47 HPs)
             Began as a Draconian Conjurer on Feb 27, 2022.
             Slain by an orc
             ... wielding a +0 hand axe
              (2 damage)
             ... on level 3 of the Dungeon on Feb 28, 2022.
             The game lasted 00:13:59 (5137 turns).

hawla the Conjurer (Draconian Conjurer)             Turns: 5137, Time: 00:13:59

Health: 0/47       AC: 14    Str:  9    XL:     6   Next: 43%
Magic:  3/10       EV: 16    Int: 21    God:
Gold:   212        SH:  0    Dex:  9    Spells: 4/11 levels left

rFire   . . .      SeeInvis +   e - +1 dagger (protect)
rCold   . . .      Faith    .   (no shield)
rNeg    . . .      Spirit   .   (armour unavailable)
rPois   .          Reflect  .   (helmet restricted)
rElec   .          Harm     .   (no cloak)
rCorr   .          Rampage  .   (no gloves)
Will    .....                   l - +0 pair of boots
Stlth   ++........              (no amulet)
HPRegen 0.15/turn               c - +4 ring of evasion
MPRegen 0.12/turn               b - ring of see invisible

@: about to teleport, under a protective aura, flying, very slightly
contaminated
A: AC +6, unfitting armour, cold-blooded
a: no special abilities


You were on level 3 of the Dungeon.
You visited 1 branch of the dungeon, and saw 4 of its levels.

You collected 212 gold pieces.

Inventory:

Hand Weapons
 e - a +1 dagger of protection (weapon)
Missiles
 a - 2 atropa-tipped darts (quivered)
 i - 7 boomerangs
Armour
 l - a +0 pair of boots (worn)
Jewellery
 b - a ring of see invisible (right hand)
 c - a +4 ring of evasion (left hand)
 f - a ring of ice
 j - a +6 ring of strength
Wands
 k - a wand of iceblast (14)
Scrolls
 m - a scroll of identify


   Skills:
 + Level 1.6 Fighting
 + Level 0.1 Throwing
 - Level 3.5 Dodging
 - Level 2.6 Stealth
 + Level 3.2 Spellcasting
 + Level 5.4 Conjurations
 + Level 1.0 Translocations


You had 4 spell levels left.
You knew the following spells:

 Your Spells              Type           Power      Damage    Failure   Level
a - Magic Dart            Conj           100%       1d8       1%          1
b - Searing Ray           Conj           52%        2d6       1%          2
c - Iskenderun's Mystic   Conj/Tloc      17%        2d5       34%         4

Your spell library contained the following spells:

 Spells                   Type           Power      Damage    Failure   Level
 Static Discharge         Conj/Air       14%        N/A       6%          2
 Pain                     Necr           12%        1d4       13%         1
 Dazzling Flash           Conj/Hex       28%        N/A       13%         3
 Portal Projectile        Hex/Tloc       10%        N/A       30%         3
 Call Canine Familiar     Summ           3%         N/A       36%         3
 Confusing Touch          Hex            3%         N/A       36%         3
 Fulminant Prism          Conj/Hex       7%         3d7       38%         4
 Leda's Liquefaction      Hex/Erth       1%         N/A       78%         4
 Lightning Bolt           Conj/Air       7%         1d19      75%         5
 Agony                    Necr           3%         N/A       98%         5
 Blade Hands              Tmut           1%         N/A       98%         5
 Excruciating Wounds      Necr           1%         N/A       98%         5
 Yara's Violent Unravell  Hex/Tmut       1%         3d3       98%         5
 Enfeeble                 Hex            1%         N/A       100%        7
 Maxwell's Capacitive Co  Air            1%         ∞         100%        8


Dungeon Overview and Level Annotations

Branches:
Dungeon (4/15)
 Temple: D:4-7

Altars:
Gozag


Innate Abilities, Weirdness & Mutations

Your plain brown scales are hard. (AC +6)
You cannot fit into any form of body armour.
You are cold-blooded and may be slowed by cold attacks.


Message History

You are no longer locked in place.
The orc wizard hits you with a +0 dagger.
* * * LOW HITPOINT WARNING * * *
The orc misses you.
You're too confused to attack without stumbling around!
You're too confused to attack without stumbling around!
The orc wizard barely misses you. The orc hits you with a +0 hand axe.
* * * LOW HITPOINT WARNING * * *
You're too confused to attack without stumbling around!
You bump into the rock wall.
The orc wizard hits you with a +0 dagger.
* * * LOW HITPOINT WARNING * * *
The orc barely misses you.
You're too confused to move!
The orc wizard barely misses you. The orc hits you with a +0 hand axe.
* * * LOW HITPOINT WARNING * * *
You hit the orc wizard but do no damage.
Your weapon exudes an aura of protection.
Your tail-slap misses the orc wizard.
The orc wizard is moderately wounded.
The orc wizard misses you. The orc closely misses you.
You hit the orc wizard.
You tail-slap the orc wizard, but do no damage.
The orc wizard is heavily wounded.
You feel less confused.
The orc wizard points at you and mumbles some strange words.
The magic dart hits you.
* * * LOW HITPOINT WARNING * * *
The orc misses you.
You aren't carrying any potions.
As you read the scroll of teleportation, it crumbles to dust.
You feel strangely unstable.
The orc wizard hits you but does no damage.
The orc misses you. The orc wizard misses you.
The orc hits you with a +0 hand axe.
* * * LOW HITPOINT WARNING * * *
Things that are here:
a +0 robe; a +0 dagger The orc hits you with a +0 hand axe.
You die...

...###.####..##.# ##.'..#..'..#
...'...# ##.##.# #..#.#.#.#...
..)#########.##.#####..#..#..#.##
#### #.........##....##.).##.#
#####'###.##..##.....##'##..#
#.......#..#..##...#........#
#....[..##.#..##...####'###.#
#.......##....##...# #.# #.#
#.......###..@##...# #.# #.##
#.......# #.oo##...####.###...
#.......# ##>..'..............
#####'##########...####.###.##
#............### #.# #.##
#.##########.# #.# #.## #.# #.#
### #.## #.# #.# #.#. #.# #.#
#.#.


You could see an orc wizard (invisible) and an orc.

Vanquished Creatures
  A scorpion (D:2)
  A water moccasin zombie (D:4)
  A hound (D:4)
  An orc wizard (D:3)
  Terence (D:2)
  4 gnolls (D:3)
  6 adders
  2 worms (D:2)
  5 dart slugs
  3 orcs
  7 ball pythons
  7 endoplasms
  4 giant cockroaches
  8 goblins
  5 hobgoblins
  4 jackals (D:1)
  6 bats
  5 frilled lizards
  4 kobolds
  3 rats
78 creatures vanquished.

Notes
Turn   | Place    | Note
-------+----------+-------------------------------------------
     0 | D:1      | hawla the Draconian Conjurer began the quest for the Orb.
     0 | D:1      | Reached XP level 1. HP: 14/14 MP: 3/3
   267 | D:1      | Reached XP level 2. HP: 15/20 MP: 0/5
   270 | D:1      | Learned a level 2 spell: Searing Ray
   530 | D:1      | HP: 1/20 [frozen (5)]
  1349 | D:2      | Reached XP level 3. HP: 26/26 MP: 2/6
  2011 | D:2      | Reached XP level 4. HP: 24/34 MP: 2/7
  2016 | D:2      | Learned a level 4 spell: Iskenderun's Mystic Blast
  2136 | D:2      | Noticed a scorpion
  2143 | D:2      | Killed a scorpion
  2144 | D:2      | Reached skill level 1 in Fighting
  2144 | D:2      | Reached skill level 5 in Conjurations
  2144 | D:2      | Reached XP level 5. HP: 40/40 MP: 0/9
  2516 | D:2      | Noticed Terence
  2551 | D:2      | Killed Terence
  4526 | D:4      | Found an opulent altar of Gozag.
  4618 | D:4      | Reached XP level 6. HP: 47/47 MP: 1/10
  4854 | D:4      | Upgraded the game from 0.28.0-1-gb440e238dd to
                  | 0.28.0-43-g3370ac3207
  5032 | D:4      | Reached skill level 1 in Translocations
  5136 | D:3      | HP: 1/47 [orc/+0 hand axe (2)]
  5137 | D:3      | Slain by an orc

Illustrated notes

Levels and vault maps discovered:
D:1:      psy_arrival_whirlpool, layout_rooms
D:2:      layout_basic, minmay_small_reverse_x, uniq_terence
D:3:      layout_basic, minmay_box_of_dots
D:4:      layout_cave_pools, nicolae_gozag_seed_capital

Skill      XL: |  1  2  3  4  5  6 |
---------------+-------------------+-----
Dodging        | 2 3 |  3.5
Stealth        | 2 |  2.6
Fighting       | 1 |  1.6
Conjurations   | 5 |  5.4
Spellcasting   | 3 |  3.2
Translocations | 1 |  1.0
Throwing       | |  0.1

Action                   |  1- 3 |  4- 6 || total
-------------------------+-------+-------++-------
Melee: Unarmed           |    28 |       ||    28
       Tailslap          |     7 |    12 ||    19
       Dagger            |    46 |    97 ||   143
       Punch             |       |     1 ||     1
Throw: Dart              |       |     3 ||     3
 Cast: Magic Dart        |    23 |    11 ||    34
       Searing Ray       |    17 |    21 ||    38
       Iskenderun's Myst |       |     7 ||     7
  Use: Potion            |     1 |     5 ||     6
       Scroll            |     3 |     5 ||     8
 Stab: Sleeping          |       |     2 ||     2
       Invisible         |       |     1 ||     1
Armor: Skin              |    40 |    67 ||   107
Dodge: Dodged            |    80 |   137 ||   217
